 Dungeon Crawl Stone Soup version 0.22-a0-587-g7d32d7c (webtiles) character file.

105 Colliwobble the Cudgeler (level 4, -2/28 HPs)
             Began as a Gargoyle Fighter on July 5, 2018.
             Slain by Natasha (6 damage)
             ... on level 2 of the Dungeon.
             The game lasted 00:03:44 (1858 turns).

Colliwobble the Cudgeler (Gargoyle Fighter)         Turns: 1858, Time: 00:03:45

Health: -2/28      AC: 13    Str: 19    XL:     4   Next: 83%
Magic:  4/4        EV:  5    Int:  9    God:
Gold:   70         SH:  9    Dex: 10    Spells: 3/3 levels left

rFire    . . .     SeeInvis .   a - +0 flail
rCold    . . .     Gourm    .   c - +0 shield
rNeg     + . .     Faith    .   q - +0 chain mail (curse)
rPois    ∞         Spirit   .   (no helmet)
rElec    +         Reflect  .   (no cloak)
rCorr    .         Harm     .   (no gloves)
MR       .....                  m - +0 pair of boots (curse)
Stlth    ..........             (no amulet)
HPRegen  0.09/turn              e - -3 ring of slaying (curse)
MPRegen  0.09/turn              (no ring)

@: slowed, very slow
A: negative energy resistance 1, electricity resistance, unbreathing,
petrification resistance, rot immunity, AC +3
a: no special abilities


You were on level 2 of the Dungeon.
You were hungry.

You visited 1 branch of the dungeon, and saw 2 of its levels.

You collected 70 gold pieces.

Inventory:

Hand Weapons
 a - a +0 flail (weapon)
Missiles
 l - 41 stones (quivered)
Armour
 c - a +0 shield (worn)
 m - a cursed +0 pair of boots (worn)
 q - a cursed +0 chain mail (worn)
Jewellery
 e - a cursed -3 ring of slaying (left hand)
Scrolls
 g - 2 scrolls of blinking {unknown}
 h - 2 scrolls of amnesia {unknown}
 j - a scroll of random uselessness {unknown}
 k - a scroll of fear {unknown}
 n - a scroll of enchant weapon {unknown}
Potions
 b - a potion of brilliance {unknown}
 d - a potion of might
 i - a potion of heal wounds {unknown}
 o - a potion of degeneration {unknown}
Comestibles
 f - 5 rations


   Skills:
 - Level 3.2 Fighting
 + Level 4.8 Maces & Flails
 - Level 3.2 Armour
 - Level 3.2 Shields


You had 3 spell levels left.
You didn't know any spells.
Your spell library was empty.

Dungeon Overview and Level Annotations

Branches:
Dungeon (2/15)

Altars:

Annotations:
D:2 Natasha


Innate Abilities, Weirdness & Mutations

You are resistant to torment.
Your stone body is resilient. (AC +3)
You are immune to poison.
You resist negative energy. (rN+)
You are resistant to electric shocks. (rElec)
You can survive without breathing.
You are immune to petrification.
You are immune to rotting.


Message History

You barely miss Natasha.
Natasha is heavily wounded.
Natasha claws you but does no damage. Natasha casts a spell at you.
The magic dart hits you!
You closely miss Natasha.
Natasha is heavily wounded.
You block Natasha's attack. Natasha claws you but does no damage.
You hit Natasha but do no damage.
Natasha is heavily wounded.
Natasha claws you but does no damage.
You closely miss Natasha.
Natasha is heavily wounded.
Natasha claws you but does no damage.
Natasha zaps a wand.
The puff of flame hits you!
* * * LOW HITPOINT WARNING * * *
You closely miss Natasha.
Natasha is heavily wounded.
Natasha claws you but does no damage. Natasha claws you.
You die...

#..###.............##)..####.#.
#......#.#######...###..# #.#.
#......#.#######...###..####.#.
#.......(........).........#.#.
#..#####.#######.<.............
#..# #.# #...###...#.#.#. #..#
#.# #...# #...#.#.#.
#..#####.#######...####.##.#.#.
#............h@.....# #..#.#.#.
#...#.##.##..###....####.#.#.#.
###.................<............
......#.##.##..####..............
###...#...............#####.##.##
#...#######..####.).# #.##.##
#...................# #..#.##
#...#######..####...# ##.#.##
#..............##...######.#.##


You could see Natasha.

Vanquished Creatures
  Natasha (D:2)
  3 oozes
  4 worms (D:2)
  3 dart slugs
  6 bats
  3 goblins
  11 hobgoblins
  3 jackals (D:2)
  4 quokkas (D:2)
  A ball python (D:2)
  4 kobolds
  3 rats
46 creatures vanquished.

Notes
Turn   | Place    | Note
-------+----------+-------------------------------------------
     0 | D:1      | Colliwobble the Gargoyle Fighter began the quest for the Orb.
     0 | D:1      | Reached XP level 1. HP: 14/14 MP: 1/1
    62 | D:1      | Reached XP level 2. HP: 15/19 MP: 2/2
   164 | D:1      | Reached skill level 3 in Maces & Flails
   404 | D:1      | Reached XP level 3. HP: 23/23 MP: 3/3
  1003 | D:2      | Reached skill level 4 in Maces & Flails
  1069 | D:2      | Reached XP level 4. HP: 22/28 MP: 4/4
  1641 | D:2      | Noticed Natasha
  1667 | D:2      | Killed Natasha
  1843 | D:2      | Noticed Natasha
  1858 | D:2      | Slain by Natasha

Vault maps used:
D:1:      nzn_arrival_depleted_hourglass, kennysheep_small_spiral
D:2:      uniq_natasha

Skill      XL: |  1  2  3 |
---------------+----------+-----
Maces & Flails | 3 4 |  4.8
Fighting       | |  3.2
Armour         | |  3.2
Shields        | |  3.2

Action                   |  1- 3 |  4- 6 || total
-------------------------+-------+-------++-------
Melee: Flail             |   186 |    98 ||   284
Throw: Stone             |       |     9 ||     9
  Eat: Chunk             |     1 |     2 ||     3
Armor: Scale mail        |   110 |    22 ||   132
       Chain mail        |       |    43 ||    43
Dodge: Dodged            |    72 |    21 ||    93
Block: Shield            |   131 |    57 ||   188

Table legend:
 A = Spawn XP
 B = Non-spawn XP
 C = Spawn XP percentage of total XP
 D = Spawn monster count
 E = Non-spawn monster count
 F = Spawn count percentage of total count
 G = Total turns spent on level
                    A         B        C        D         E        F      G
               +---------+---------+-------+---------+---------+-------+---------
         Total |       0 |     151 |   0.0 |       0 |      46 |   0.0 |  1858
               +---------+---------+-------+---------+---------+-------+---------
           D:1 |       0 |      48 |   0.0 |       0 |      19 |   0.0 |   796
           D:2 |       0 |     103 |   0.0 |       0 |      27 |   0.0 |  1062
               +---------+---------+-------+---------+---------+-------+---------
